Map: Port Aleksander LE

Players

Blodir

  • Race: Zerg Zerg
  • League: Master
  • Spawn Location: 5:00

Serral - Winner!

  • Race: Terran Terran
  • League: Master
  • Spawn Location: 11:00

VOD

Have the link to the VOD?

Description

Time

  • Played on: Dec. 3, 2018, 1:16 p.m.
  • Length: 11:16
Show
View Real Time Build Order
Export as new Build Order

Blodir Zerg 

Build Orders: Hatch First 

Get SALT Encoding   

  12  0:01  Drone  
  13  0:13  Overlord  
  13  0:18  Drone  
  14  0:31  Drone x2  
  14  0:35  Drone  
  17  0:53  Hatchery  
  17  0:56  Drone  
  17  0:59  Drone  
  18  1:10  Extractor  
  17  1:15  Spawning Pool  
  17  1:18  Drone  
  17  1:21  Drone  
  18  1:28  Drone  
  19  1:40  Overlord  
  19  1:50  Drone  
  20  2:02  Queen  
  20  2:03  Zergling x2  
  20  2:04  Queen  
  20  2:05  Zergling x2  
  26  2:12  Drone  
  26  2:14  Metabolic Boost  
  27  2:16  Drone  
  28  2:23  Drone  
  28  2:26  Drone  
  30  2:39  Hatchery  
  29  2:48  Drone  
  29  2:49  Drone, Overlord  
  31  2:57  Queen  
  32  2:58  Drone  
  32  3:00  Drone  
  32  3:02  Drone  
  35  3:08  Drone  
  35  3:11  Drone  
  35  3:12  Drone  
  38  3:21  Drone x3  
  38  3:25  Zergling x2  
  41  3:29  Zergling x2  
  41  3:33  Drone  
  43  3:41  Drone  
  43  3:45  Overlord  
  44  3:50  Queen  
  44  3:53  Drone x2  
  44  3:54  Drone x2  
  50  3:59  Overlord  
  50  4:00  Overlord  
  50  4:03  Queen  
  50  4:04  Drone x4  
  50  4:08  Lair  
  56  4:10  Drone  
  56  4:12  Extractor  
  56  4:14  Drone x2  
  56  4:15  Overlord  
  58  4:18  Drone x2  
  58  4:19  Drone  
  58  4:23  Baneling Nest  
  60  4:24  Overlord  
  60  4:30  Drone x3  
  63  4:33  Drone  
  63  4:37  Zergling x2  
  63  4:38  Zergling x4  
  67  4:43  Zergling x6  
  67  4:45  Queen  
  72  4:47  Zergling x2  
  72  4:48  Zergling x2  
  72  4:52  Zergling x4  
  76  4:53  Queen  
  78  5:01  Zergling x10  
  83  5:07  Baneling x5  
  79  5:23  Zergling x6  
  79  5:25  Overlord x2  
  82  5:38  Hatchery  
  82  5:42  Centrifical Hooks  
  81  5:44  Drone x10  
  81  5:46  Evolution Chamber x2, Extractor  
  81  5:49  Extractor  
  87  5:58  Zergling x18  
  87  6:03  Hydralisk Den  
  94  6:13  Zerg Melee Weapons Level 1  
  94  6:15  Zergling x6  
  94  6:16  Overlord, Zerg Ground Armor Level 1  
  94  6:17  Overlord x2  
  95  6:36  Muscular Augments  
  95  6:37  Zergling x16  
  98  6:49  Baneling x7  
  97  6:55  Queen, Hatchery  
  97  6:56  Zergling x16  
  97  6:57  Zergling x4  
  97  6:58  Queen  
  110  7:01  Baneling x3  
  110  7:05  Baneling x2  
  110  7:06  Zergling x10  
  113  7:10  Baneling, Zergling x14  
  120  7:17  Baneling  
  120  7:18  Baneling x2  
  120  7:19  Extractor, Zergling x8  
  123  7:26  Zergling x4  
  125  7:32  Baneling x5  
  125  7:33  Overlord x2  
  125  7:36  Zergling x8  
  103  7:52  Zergling x2  
  103  7:53  Zergling x12  
  103  8:00  Drone x4  
  103  8:01  Baneling x9  
  107  8:10  Drone  
  107  8:11  Drone x5  
  113  8:17  Extractor  
  112  8:20  Zerg Melee Weapons Level 2  
  112  8:21  Drone x4  
  116  8:31  Drone x10  
  116  8:32  Drone  
  125  8:37  Hydralisk x4  
  114  8:51  Zergling x16  
  110  8:58  Zergling x22  
  119  9:11  Zergling x10  
  122  9:17  Hydralisk x4  
  124  9:24  Baneling x11  
  124  9:25  Baneling, Queen x2  
  124  9:26  Queen  
  130  9:32  Zergling x16  
  138  9:39  Extractor  
  137  9:47  Hydralisk x3  
  137  9:48  Extractor  
  137  9:49  Baneling  
  137  9:50  Baneling x4  
  137  9:52  Zergling x4  
  144  10:11  Overlord x4  
  144  10:19  Hatchery  
  143  10:28  Overlord x4  
  143  10:35  Zergling x28  
  130  10:41  Zergling x10  
  141  10:49  Zergling x8  
Show
View Real Time Build Order
Export as new Build Order

Serral Terran - Winner!

Build Orders: Reaper Expand 

Get SALT Encoding   

  12  0:00  SCV  
  13  0:12  SCV  
  14  0:18  Supply Depot  
  14  0:24  SCV  
  15  0:39  SCV  
  15  0:41  Barracks  
  16  0:44  Refinery  
  16  0:51  SCV  
  17  1:03  SCV  
  18  1:16  SCV  
  19  1:28  Reaper, Orbital Command  
  20  1:40  Command Center  
  20  1:53  SCV  
  21  1:55  Barracks  
  21  2:02  Barracks Reactor  
  21  2:06  SCV  
  22  2:12  Refinery  
  22  2:13  Supply Depot  
  22  2:18  SCV  
  23  2:35  SCV  
  24  2:37  Factory  
  24  2:40  Marine x2  
  26  2:46  Barracks Tech Lab  
  26  2:47  SCV  
  27  2:56  Orbital Command  
  27  2:59  SCV  
  27  3:05  Stimpack  
  28  3:08  Marine x3  
  28  3:11  SCV  
  32  3:24  Starport  
  32  3:25  Factory Reactor  
  32  3:27  SCV  
  32  3:28  SCV  
  32  3:30  Marine x2  
  32  3:32  Marine  
  37  3:39  SCV  
  37  3:40  SCV  
  39  3:43  Supply Depot  
  39  3:48  Marine x2  
  39  3:50  Marine  
  39  3:52  SCV x2  
  44  3:58  Supply Depot  
  44  4:04  SCV x2  
  44  4:07  Marine  
  44  4:08  Marine x2  
  49  4:11  Medivac x2  
  49  4:16  SCV  
  54  4:20  SCV  
  54  4:21  Supply Depot  
  54  4:23  Factory Tech Lab  
  55  4:27  Refinery  
  55  4:28  Marine x2, SCV  
  55  4:29  Marine  
  59  4:32  SCV  
  59  4:38  Engineering Bay  
  60  4:39  Engineering Bay  
  60  4:45  Siege Tank  
  63  4:46  SCV  
  63  4:47  SCV  
  63  4:51  Supply Depot  
  65  4:53  Barracks  
  65  4:59  SCV x2  
  67  5:01  Marine  
  67  5:06  Terran Infantry Armor Level 1, Terran Infantry Weapons Level 1  
  68  5:08  Marine x2  
  70  5:15  Combat Shield  
  68  5:25  SCV x2  
  68  5:28  Supply Depot x2  
  69  5:29  Siege Tank  
  69  5:30  Marine x3  
  75  5:39  Refinery  
  75  5:42  Marine x2  
  77  5:47  SCV  
  77  5:49  Medivac, Marine x3, SCV  
  84  5:53  Supply Depot  
  84  6:00  Marine x2  
  84  6:02  SCV  
  88  6:07  Marine x2  
  90  6:14  Command Center  
  90  6:18  Supply Depot  
  89  6:19  Marine  
  89  6:25  Siege Tank  
  92  6:28  Starport Reactor  
  92  6:30  Marine  
  92  6:31  Marine  
  92  6:32  Marine x2  
  94  6:39  SCV x2  
  97  6:42  Supply Depot  
  97  6:45  Armory  
  97  6:47  Marine  
  97  6:48  Marine  
  99  6:55  Marine x2  
  99  6:57  Siege Tank  
  99  6:58  Marine  
  105  7:11  Marine x2  
  105  7:12  SCV x2  
  105  7:13  Marine  
  110  7:19  Marine x2  
  112  7:23  Medivac x2  
  112  7:27  Orbital Command  
  116  7:31  Barracks  
  116  7:32  Marine  
  116  7:36  Marine x2  
  117  7:48  Siege Tank  
  117  7:50  Marine x2  
  114  7:53  Orbital Command  
  114  7:55  Marine x2  
  104  8:00  Terran Infantry Weapons Level 2, Terran Infantry Armor Level 2  
  104  8:04  Marine  
  104  8:05  Medivac  
  107  8:06  Medivac  
  107  8:08  Marine  
  110  8:13  Supply Depot, Marine x2  
  110  8:17  Marine  
  113  8:20  SCV  
  113  8:21  Siege Tank  
  113  8:22  Marine, SCV  
  113  8:23  SCV  
  119  8:36  Medivac x2, Marine  
  119  8:37  Marine  
  119  8:39  SCV x3  
  128  8:48  Marine  
  126  8:49  Marine  
  126  8:51  SCV x2  
  126  8:52  Refinery, Marine  
  126  8:53  Barracks Reactor, Siege Tank  
  126  8:54  Marine x2  
  133  8:57  Barracks  
  133  9:06  Marine  
  133  9:07  Marine  
  133  9:08  SCV x3  
  138  9:10  Supply Depot, Marine  
  138  9:12  Marine x2  
  141  9:24  Marine  
  138  9:25  Marine  
  138  9:27  Marine  
  141  9:32  Marine x2, Siege Tank  
  141  9:33  Supply Depot x2, Command Center  
  141  9:34  Supply Depot  
  141  9:35  Marine x2  
  148  9:40  SCV  
  148  9:41  SCV x2  
  148  9:42  Marine  
  148  9:44  Marine x2  
  154  9:45  Marine  
  154  9:50  Marine x2  
  157  9:58  Refinery  
  157  9:59  SCV x3  
  160  10:00  Factory  
  160  10:04  Marine x4, Siege Tank  
  160  10:06  Barracks Reactor  
  167  10:20  Marine x2  
  169  10:22  Marine  
  169  10:23  Marine  
  171  10:33  Marine x3  
  174  10:36  SCV x3, Siege Tank  
  186  10:50  Supply Depot  
  186  10:52  Supply Depot  
  186  10:57  Factory Tech Lab  
Tags
 
Add a new tag
Caveats
  • Supply blocks, unpowered buildings, or Contaminate may cause inaccurate times.
  • Supply counts are checked every 10 seconds.